 Dungeon Sprint DCSS version 0.21.1-1-g345015fe64 (webtiles) character file.

536089 Groucho the Conqueror (level 21, -26/224 HPs)
             Began as a Minotaur Fighter on May 15, 2018.
             Was the Champion of Cheibriados.
             Killed from afar by a Brimstone Fiend (41 damage)
             ... with damnation
             ... in the Dungeon (Sprint IX: "|||||||||||||||||||||||||||||") on May 16, 2018.
             The game lasted 01:14:34 (17122 turns).

Groucho the Conqueror (Minotaur Fighter)           Turns: 17122, Time: 01:14:34

Health: -26/224    AC: 47    Str: 36      XL:     21   Next: 77%
Magic:  30/39      EV: 37    Int: 26 (28) God:    Cheibriados [******]
Gold:   1261       SH: 31    Dex: 37      Spells: 51/51 levels left

rFire    + . .     SeeInvis .   o - +3 war axe (chop)
rCold    + + .     Gourm    .   a - +8 shield "Xaycae" {Regen+ Int+4}
rNeg     + . .     Faith    .   Q - +14 plate armour of the Turtle {rElec rF+ Slay+3}
rPois    .         Spirit   .   z - +2 hat
rElec    +         Reflect  .   W - +2 cloak
rCorr    +         Harm     .   q - +1 pair of gloves {Dex+3}
MR       +....     NoTele   +   b - +0 pair of boots
Stlth    ++........             (no amulet)
HPRegen  0.87/turn              T - ring "Mogik" {rCorr rC++ Str-3 Int+4}
MPRegen  0.26/turn              t - ring of Tadalari {+Fly rElec rN+ Str+4 Slay+3}

@: very slow
A: retaliatory headbutt, horns 2, blurry vision 1, weak 1
0: Orb of Zot
}: 9/15 runes: decaying, serpentine, barnacled, slimy, elven, silver, golden,
abyssal, gossamer
a: Bend Time, Temporal Distortion, Slouch, Step From Time, Renounce Religion,
Evoke Flight


You were in the Dungeon.
You worshipped Cheibriados.
Cheibriados was exalted by your worship.
You were near starving.

You visited 1 branch You collected 1931 gold pieces.
You spent 670 gold pieces at shops.

Inventory:

Hand Weapons
 o - a +3 war axe of chopping (weapon)
 D - a +1 antimagic war axe
 L - a +4 demon whip
 V - a +0 broad axe
Missiles
 c - 16 javelins
 h - 13 steel javelins (quivered)
 y - 19 tomahawks
Armour
 a - the +8 shield "Xaycae" (worn) {Regen+ Int+4}
   (You acquired it in the Dungeon)

   It affects your intelligence (+4).
   It increases your rate of regeneration.
 b - a +0 pair of boots (worn)
 q - a +1 pair of gloves of dexterity (worn)
 z - a +2 hat (worn)
 N - a +0 large shield of protection
 Q - the +14 plate armour of the Turtle (worn) {rElec rF+ Slay+3}
   (You found it in the Dungeon)

   It affects your accuracy and damage with ranged weapons and melee attacks
   (+3).
   It protects you from fire.
   It insulates you from electricity.
 W - a +2 cloak (worn)
Jewellery
 r - a +2 ring of protection
 t - the ring of Tadalari (right hand) {+Fly rElec rN+ Str+4 Slay+3}
   (You found it in the Dungeon)

   [ring of flight]

   It affects your strength (+4).
   It affects your accuracy and damage with ranged weapons and melee attacks
   (+3).
   It insulates you from electricity.
   It protects you from negative energy.
   It lets you fly.
 B - an uncursed ring of see invisible
 C - an uncursed ring of protection from fire
 E - an uncursed ring of flight {unknown}
 H - a +6 ring of strength
 I - an uncursed amulet of regeneration
 J - a +4 ring of protection
 K - a +6 ring of strength
 M - the amulet of Xuaff {Spirit Int+4}
   (You found it in the Dungeon)

   [amulet of guardian spirit]

   It causes incoming damage to be split between your health and magic.
   It affects your intelligence (+4).
 R - the ring "Xulote Maxt" {Str+3 Int+3}
   (You found it in the Dungeon)

   [ring of strength]

   It affects your strength (+3).
   It affects your intelligence (+3).
 S - the ring of the Six Wishes {MP+9 Slay+3}
   (You found it in the Dungeon)

   [ring of slaying]

   It affects your accuracy and damage with ranged weapons and melee attacks
   (+3).
   It affects your magic capacity (+9).
 T - the ring "Mogik" (left hand) {rCorr rC++ Str-3 Int+4}
   (You found it in the Dungeon)

   [ring of resist corrosion]

   It affects your strength (-3).
   It affects your intelligence (+4).
   It greatly protects you from cold.
 U - the ring "Soxom" {rC+ rN+ SInv}
   (You found it in the Dungeon)

   [ring of protection from cold]

   It protects you from cold.
   It protects you from negative energy.
   It lets you see invisible.
Wands
 n - a wand of acid (9)
 A - a wand of polymorph (15)
Scrolls
 l - 8 scrolls of remove curse
 m - 5 scrolls of amnesia
 s - a scroll of immolation
 u - 8 scrolls of identify
 v - 5 scrolls of fear
 w - 5 scrolls of enchant weapon
 x - 6 scrolls of enchant armour
 F - 3 scrolls of fog
Potions
 d - 4 potions of might
 e - 8 potions of curing
 g - a potion of heal wounds
 i - 2 potions of magic
 j - a potion of invisibility
 p - 2 potions of brilliance
 O - a potion of agility
Books
 G - a book of the Dragon

   Spells                             Type                      Level
   a - Flame Tongue                   Conjuration/Fire             1
   b - Cause Fear                     Hexes                        4
   c - Bolt of Fire                   Conjuration/Fire             6
   d - Dragon Form                    Transmutation                7
   e - Dragon's Call                  Summoning                    9
 P - a book of Dreams

   Spells                             Type                      Level
   a - Ensorcelled Hibernation        Hexes/Ice                    2
   b - Borgnjor's Vile Clutch         Necromancy/Earth             5
   c - Silence                        Hexes/Air                    5
   d - Darkness                       Hexes                        6
   e - Shadow Creatures               Summoning                    6
Miscellaneous
 k - the horn of Geryon
Comestibles
 f - 2 rations


   Skills:
 O Level 27 Fighting
 O Level 27 Axes
 + Level 24.2(27) Maces & Flails
 O Level 27 Throwing
 O Level 27 Armour
 O Level 27 Dodging
 + Level 19.6 Stealth
 O Level 27 Shields
 O Level 27 Unarmed Combat
 + Level 15.8 Spellcasting
 O Level 27 Invocations
 + Level 19.7 Evocations


You had 51 spell levels left.
You didn't know any spells.

Dungeon Overview and Level Annotations

Branches:
Dungeon (1/1)

Altars:
Cheibriados
Dithmenos
Elyvilon
Fedhas
Gozag
Hepliaklqana
Kikubaaqudgha
Makhleb
Nemelex Xobeh
Okawaru
Qazlal
Ru
Sif Muna
Trog
Uskayaw
Vehumet
Wu Jian
Xom
Yredelemnul
Zin
The Shining One
Beogh
Jiyva
Lugonu

Shops:
D :[?[


Innate Abilities, Weirdness & Mutations

You reflexively headbutt those who attack you in melee.
You have a pair of horns on your head.
Scrolls take you a little longer to read.
You are weak. (Str -2)


Message History

The damnation engulfs the Brimstone Fiend.
The Brimstone Fiend completely resists.
A hell hound comes into view.
You feel much better. The Brimstone Fiend gestures at you.
The sphere of damnation explodes!
The damnation engulfs you!
* * * LOW HITPOINT WARNING * * *
The damnation engulfs the Brimstone Fiend.
The Brimstone Fiend completely resists.
Unknown command.
You can feel time thicken for a moment.
You kill the neqoxec!
Cheibriados appreciates the change of pace.
You kill the hell hound!
Cheibriados thoroughly appreciates the change of pace.
You feel your intelligence returning.
You feel somewhat more hungry. The Brimstone Fiend gestures at you.
The sphere of damnation explodes!
The damnation engulfs you!
You die...

.................................
♣♣♣♣♣♣♣♣▓▓▓▓▓▓▓▓▓▓▓▓▓▓▓▓▓▓▓▓▓▓▓▓▓
)))(..()()[)[[.))).....'.........
♣♣♣♣♣♣♣♣▓▓▓▓▓▓▓▓▓▓▓▓▓▓▓▓▓▓▓▓▓▓▓▓▓
.................................
▓▓▓▓▓▓▓▓▓▓▓▓▓▓▓▓▓▓▓▓▓▓▓▓▓▓▓▓▓▓▓▓▓
..........'.........'.........'..
▓▓▓▓▓▓▓▓▓▓▓▓▓▓▓▓▓▓▓▓▓▓▓▓▓▓▓▓▓▓▓▓▓
.........†....†1@................
▓▓▓▓▓▓▓▓▓▓▓▓▓▓▓▓▓▓▓▓▓▓▓▓▓▓▓▓▓▓▓▓▓
........................'.+
▓▓▓▓▓▓▓▓▓▓▓▓▓▓▓▓▓▓▓▓▓▓▓▓▓▓▓


You could see a Brimstone Fiend.

Vanquished Creatures
  the Royal Jelly (D)
  4 orbs of fire (D)
  5 ancient liches (D)
  Boris (D)
  4 greater mummies (D)
  Frederick (D)
  A caustic shrike (D)
  Xtahua (D)
  Geryon (D)
  Nikola (D)
  4 golden dragons (D)
  Jory (D)
  A Tzitzimitl (D)
  3 liches (D)
  An electric golem (D)
  3 tentacled monstrosities (D)
  35 Orb Guardians (D)
  3 deep elf blademasters (D)
  3 deep elf master archers (D)
  10 acid blobs (D)
  2 tentacled starspawn (D)
  An Executioner (D)
  A death cob (D)
  6 shadow dragons (D)
  Gastronok (D)
  Donald (D)
  13 sphinxes (D)
  8 azure jellies (D)
  8 storm dragons (D)
  4 draconian monks (D)
  A deep elf sorcerer (D)
  6 nagarajas (D)
  A frost giant (D)
  A daeva (D)
  Ilsuiw (D)
  6 emperor scorpions (D)
  A ghost moth (D)
  2 vault wardens (D)
  A draconian scorcher (D)
  An ironheart preserver (D)
  A reaper (D)
  3 draconian knights (D)
  A draconian shifter (D)
  5 draconian annihilators (D)
  A war gargoyle (D)
  3 draconian stormcallers (D)
  3 very ugly things (D)
  6 stone giants (D)
  Nessos (D)
  An entropy weaver (D)
  7 vampire knights (D)
  2 deep elf annihilators (D)
  2 black draconians (D)
  3 green draconians (D)
  A deep elf demonologist (D)
  2 purple draconians (D)
  2 red draconians (D)
  A spark wasp (D)
  A yellow draconian (D)
  3 ettins (D)
  2 merfolk javelineers (D)
  Josephine (D)
  Snorg (D)
  3 deep elf death magi (D)
  3 mummy priests (D)
  4 merfolk impalers (D)
  15 death oozes (D)
  Erolcha (D)
  A great orb of eyes (D)
  3 fire dragons (D)
  25 vault guards (D)
  A deep elf high priest (D)
  3 ogre magi (D)
  7 ice dragons (D)
  2 yaktaur captains (D)
  A rakshasa (D)
  11 hydras (D)
  5 naga warriors (D)
  A spriggan air mage (D)
  3 centaur warriors (D)
  A merfolk avatar (D)
  7 merfolk aquamancers (D)
  5 tengu warriors (D)
  A two-headed ogre (D)
  A naga sharpshooter (D)
  2 deep troll earth magi (D)
  A skeletal warrior (D)
  An unseen horror (D)
  6 swamp dragons (D)
  2 large abominations (D)
  A naga ritualist (D)
  A shambling mangrove (D)
  A wizard (D)
  2 glowing orange brains (D)
  A shadow demon (D)
  7 ironbrand convokers (D)
  7 orc knights (D)
  An orb spider (D)
  A necromancer (D)
  3 ugly things (D)
  2 merfolk sirens (D)
  12 moths of wrath (D)
  3 wolf spiders (D)
  3 guardian serpents (D)
  3 black mambas (D)
  2 naga magi (D)
  A rust devil (D)
  5 smoke demons (D)
  3 vault sentinels (D)
  2 orange demons (D)
  4 spiny frogs (D)
  A rime drake (shapeshifter) (D)
  4 yaktaurs (D)
  5 freezing wraiths (D)
  21 guardian mummies (D)
  3 ice devils (D)
  2 demonic crawlers (D)
  3 hellwings (D)
  2 merfolk (D)
  2 red devils (D)
  A wandering mushroom (D)
  3 jumping spiders (D)
  A troll (D)
  A tyrant leech (D)
  A wind drake (D)
  A hornet (D)
  2 snapping turtles (D)
  3 blink frogs (D)
  A hippogriff (D)
  2 slime creatures (D)
  4 redbacks (D)
  5 wraiths (D)
  A ynoxinul (D)
  11 spriggans (D)
  3 tarantellas (D)
  9 golden eyes (D)
  A chaos spawn (D)
  3 neqoxecs (D)
  2 vampire mosquitoes (D)
  3 acid dragons (D)
  A naga (D)
  An insubstantial wisp (D)
  2 water moccasins (D)
  3 porcupines (D)
  5 hell hounds (D)
  20 orc warriors (D)
  An ice beast (D)
  3 swamp drakes (D)
  A sky beast (D)
  3 ogres (D)
  2 eyes of draining (D)
  5 crocodiles (D)
  3 bullfrogs (D)
  A scorpion (D)
  A killer bee (D)
  A crimson imp (D)
  3 orc priests (D)
  3 orc wizards (D)
  2 hounds (D)
  4 small abominations (D)
  An adder (D)
  A shadow imp (D)
  A leopard gecko (D)
  7 orcs (D)
  A bat (D)
  A bat skeleton (D)
  2 giant cockroach zombies (D)
  A jackal skeleton (D)
  2 kobolds (D)
  A rat (D)
  2 crawling corpses (D)
570 creatures vanquished.

Vanquished Creatures (others)
  A guardian serpent (D)
  A starspawn tentacle (D)
2 creatures vanquished.

Grand Total: 572 creatures vanquished

Notes
Turn   | Place    | Note
-------+----------+-------------------------------------------
     0 | D        | Groucho the Minotaur Fighter began the quest for the Orb.
     0 | D        | Reached XP level 1. HP: 19/19 MP: 0/0
    18 | D        | Noticed an ogre
    18 | D        | Noticed an ogre
    18 | D        | Noticed a hound
    18 | D        | Noticed an ice beast
    21 | D        | Reached XP level 2. HP: 28/28 MP: 1/1
    23 | D        | Killed an ogre
    23 | D        | Reached skill level 5 in Axes
    23 | D        | Reached XP level 3. HP: 38/38 MP: 2/2
    23 | D        | Reached XP level 4. HP: 45/45 MP: 3/3
    26 | D        | Killed an ogre
    26 | D        | Reached XP level 5. HP: 52/52 MP: 4/4
    32 | D        | Killed an ice beast
    32 | D        | Reached XP level 6. HP: 50/62 MP: 5/5
    75 | D        | Found a roughly hewn altar of Beogh.
    75 | D        | Found a snail-covered altar of Cheibriados.
    75 | D        | Found a shadowy altar of Dithmenos.
    75 | D        | Found a white marble altar of Elyvilon.
    75 | D        | Found a blossoming altar of Fedhas.
    75 | D        | Found an opulent altar of Gozag.
    76 | D        | Found a hazy altar of Hepliaklqana.
    77 | D        | Found a viscous altar of Jiyva.
    78 | D        | Found an ancient bone altar of Kikubaaqudgha.
    79 | D        | Became a worshipper of Cheibriados the Contemplative
    80 | D        | Found a corrupted altar of Lugonu.
    81 | D        | Found a burning altar of Makhleb.
    82 | D        | Found a sparkling altar of Nemelex Xobeh.
    83 | D        | Found an iron altar of Okawaru.
    84 | D        | Found a stormy altar of Qazlal.
    85 | D        | Found a sacrificial altar of Ru.
    86 | D        | Found a deep blue altar of Sif Muna.
    87 | D        | Found a bloodstained altar of Trog.
    88 | D        | Found a hide-covered altar of Uskayaw.
    89 | D        | Found a radiant altar of Vehumet.
    90 | D        | Found an ornate altar of the Wu Jian Council.
    91 | D        | Found a shimmering altar of Xom.
    92 | D        | Found a basalt altar of Yredelemnul.
    93 | D        | Found a glowing silver altar of Zin.
    94 | D        | Found a glowing golden altar of the Shining One.
   139 | D        | Noticed an orc warrior
   142 | D        | Reached * piety under Cheibriados
   155 | D        | Killed an orc warrior
   155 | D        | Reached ** piety under Cheibriados
   155 | D        | Reached skill level 1 in Invocations
   158 | D        | Reached XP level 7. HP: 39/70 MP: 5/7
   364 | D        | Noticed a centaur warrior
   364 | D        | Noticed a troll
   365 | D        | Reached *** piety under Cheibriados
   371 | D        | Killed a centaur warrior
   371 | D        | Reached skill level 10 in Axes
   371 | D        | Reached skill level 5 in Invocations
   371 | D        | Reached XP level 8. HP: 61/82 MP: 7/10
   373 | D        | Reached **** piety under Cheibriados
   386 | D        | Reached ***** piety under Cheibriados
   389 | D        | Killed a troll
   727 | D        | Got the ring of Tadalari {+Fly rElec rN+ Str+4 Slay+3}
   745 | D        | Noticed a black mamba
   750 | D        | Killed a black mamba
   750 | D        | Reached XP level 9. HP: 75/90 MP: 12/12
   758 | D        | Noticed an eight-headed hydra
   761 | D        | Reached ****** piety under Cheibriados
   767 | D        | Killed a ten-headed hydra
  1098 | D        | Noticed a spiny frog
  1102 | D        | Killed a spiny frog
  1108 | D        | Reached skill level 1 in Dodging
  1108 | D        | Reached XP level 10. HP: 89/101 MP: 13/15
  1117 | D        | Noticed a four-headed hydra
  1130 | D        | Killed a seven-headed hydra
  1410 | D        | Noticed a spiny frog
  1410 | D        | Noticed a spiny frog
  1411 | D        | Noticed a spiny frog
  1414 | D        | Killed a spiny frog
  1423 | D        | Killed a spiny frog
  1426 | D        | Killed a spiny frog
  1426 | D        | Reached skill level 5 in Dodging
  1648 | D        | Got a slimy shield
  1659 | D        | Identified the +8 shield "Xaycae" {Regen+ Int+4} (You acquired it in the Dungeon)
  1929 | D        | Noticed an orc knight
  1943 | D        | Killed an orc knight
  1946 | D        | Reached XP level 11. HP: 78/108 MP: 17/17
  2004 | D        | Found Hiotuil's Book Emporium.
  2004 | D        | Noticed an orc knight
  2004 | D        | Noticed an orc knight
  2008 | D        | Noticed an orc knight
  2013 | D        | Killed an orc knight
  2013 | D        | Reached skill level 15 in Armour
  2019 | D        | Killed an orc knight
  2019 | D        | Reached skill level 15 in Shields
  2020 | D        | Found Wuekuizu's Antique Armour Shoppe.
  2023 | D        | Killed an orc knight
  2023 | D        | Reached skill level 15 in Axes
  2027 | D        | Found Edwiotru's Magic Scroll Emporium.
  2032 | D        | Found Mevaytz's Armour Shoppe.
  2035 | D        | Noticed an orc knight
  2035 | D        | Noticed an orc knight
  2044 | D        | Killed an orc knight
  2044 | D        | Reached skill level 10 in Invocations
  2047 | D        | Killed an orc knight
  2087 | D        | Bought a pair of runed gloves for 210 gold pieces
  2089 | D        | Bought a scroll of enchant weapon for 97 gold pieces
  2089 | D        | Bought a scroll of immolation for 45 gold pieces
  2089 | D        | Bought a scroll of identify for 26 gold pieces
  2089 | D        | Bought 2 scrolls of enchant weapon for 195 gold pieces
  2089 | D        | Bought a scroll of enchant armour for 97 gold pieces
  2177 | D        | Noticed Josephine
  2185 | D        | Killed Josephine
  2185 | D        | Reached skill level 1 in Unarmed Combat
  2202 | D        | Noticed Gastronok
  2211 | D        | Killed Gastronok
  2228 | D        | Noticed Erolcha
  2232 | D        | Killed Erolcha
  2232 | D        | Reached skill level 10 in Dodging
  2384 | D        | Noticed a skeletal warrior
  2384 | D        | Noticed a centaur warrior
  2384 | D        | Noticed a two-headed ogre
  2391 | D        | Killed a skeletal warrior
  2391 | D        | Reached XP level 12. HP: 118/118 MP: 18/18
  2395 | D        | Killed a centaur warrior
  2395 | D        | Reached skill level 15 in Fighting
  2402 | D        | Noticed a tengu warrior
  2402 | D        | Killed a two-headed ogre
  2406 | D        | Noticed a great orb of eyes
  2414 | D        | Killed a tengu warrior
  2419 | D        | Noticed a fire dragon
  2419 | D        | Killed a great orb of eyes
  2419 | D        | Reached skill level 5 in Unarmed Combat
  2430 | D        | Killed a fire dragon
  2431 | D        | Noticed an ogre mage
  2438 | D        | Noticed a tengu warrior
  2438 | D        | Killed an ogre mage
  2449 | D        | Killed a tengu warrior
  2508 | D        | Noticed Nessos
  2517 | D        | Killed Nessos
  2582 | D        | Noticed a four-headed hydra
  2582 | D        | Noticed an eight-headed hydra
  2590 | D        | Killed a six-headed hydra
  2593 | D        | Killed a ten-headed hydra
  2657 | D        | Noticed a spark wasp
  2663 | D        | Reached XP level 13. HP: 128/128 MP: 17/19
  2670 | D        | Killed a spark wasp
  2791 | D        | Noticed a merfolk impaler
  2797 | D        | Reached skill level 1 in Throwing
  2811 | D        | Reached skill level 5 in Throwing
  2820 | D        | Killed a merfolk impaler
  2877 | D        | Reached skill level 10 in Throwing
  3103 | D        | Noticed Snorg
  3112 | D        | Killed Snorg
  3147 | D        | Noticed an ettin
  3147 | D        | Noticed a frost giant
  3159 | D        | Killed a frost giant
  3165 | D        | Killed an ettin
  3165 | D        | Reached skill level 10 in Unarmed Combat
  3166 | D        | Noticed a stone giant
  3189 | D        | Noticed a fire dragon
  3202 | D        | Noticed an ettin
  3205 | D        | Killed a stone giant
  3219 | D        | Noticed a purple very ugly thing
  3219 | D        | Killed a fire dragon
  3221 | D        | Reached skill level 15 in Unarmed Combat
  3221 | D        | Reached XP level 14. HP: 66/137 MP: 10/20
  3231 | D        | Killed a red very ugly thing
  3557 | D        | Noticed a sphinx
  3563 | D        | Killed a sphinx
  3589 | D        | Noticed a vault warden
  3601 | D        | Killed a vault warden
  3610 | D        | Noticed Ilsuiw
  3610 | D        | Noticed an Orb Guardian
  3620 | D        | Killed Ilsuiw
  3627 | D        | Killed an Orb Guardian
  3817 | D        | Noticed Frederick
  3830 | D        | Killed Frederick
  3902 | D        | Got the +3 plate armour of Elyvilon's Regard {Str+6 Int-2}
  4020 | D        | Noticed Jory
  4036 | D        | Killed Jory
  4422 | D        | Noticed Donald
  4431 | D        | Killed Donald
  4453 | D        | Noticed Xtahua
  4457 | D        | Paralysed by Xtahua for 3 turns
  4462 | D        | Killed Xtahua
  4462 | D        | Reached XP level 15. HP: 128/171 MP: 6/21
  4900 | D        | Reached skill level 27 in Fighting
  5020 | D        | Got a decaying rune of Zot
  5045 | D        | Noticed a nagaraja
  5045 | D        | Noticed a nagaraja
  5046 | D        | Noticed a nagaraja
  5048 | D        | Killed a nagaraja
  5050 | D        | Noticed a nagaraja
  5050 | D        | Noticed a nagaraja
  5051 | D        | Killed a nagaraja
  5052 | D        | Killed a nagaraja
  5056 | D        | Noticed a nagaraja
  5058 | D        | Killed a nagaraja
  5064 | D        | Killed a nagaraja
  5067 | D        | Killed a nagaraja
  5081 | D        | Got a serpentine rune of Zot
  5499 | D        | Got a barnacled rune of Zot
  5644 | D        | Killed a ghost moth
  5644 | D        | Reached skill level 27 in Armour
  5664 | D        | Reached XP level 16. HP: 121/183 MP: 4/22
  5691 | D        | Reached skill level 15 in Dodging
  5695 | D        | Got a gossamer rune of Zot
  6307 | D        | Noticed Boris
  6317 | D        | Killed Boris
  6954 | D        | Noticed an ancient lich
  6977 | D        | Killed an ancient lich
  6998 | D        | Noticed a shadow dragon
  6999 | D        | Noticed a shadow dragon
  7009 | D        | Killed a shadow dragon
  7016 | D        | Killed a shadow dragon
  7087 | D        | Noticed a shadow dragon
  7087 | D        | Noticed an ancient lich
  7087 | D        | Noticed a shadow dragon
  7089 | D        | Noticed a shadow dragon
  7108 | D        | Reached skill level 27 in Dodging
  7109 | D        | Killed an ancient lich
  7109 | D        | Reached XP level 17. HP: 176/191 MP: 12/23
  7183 | D        | Got a silver rune of Zot
  7185 | D        | Got a heavily runed plate armour
  7196 | D        | Identified the +14 plate armour of the Turtle {rElec rF+ Slay+3} (You found it in the Dungeon)
  7198 | D        | Identified the Volume of Nocuous Execration
  7211 | D        | Noticed Nikola
  7217 | D        | Killed Nikola
  7291 | D        | Got the amulet of Xuaff {Spirit Int+4}
  7293 | D        | Got the ring "Xulote Maxt" {Str+3 Int+3}
  7295 | D        | Got the ring of the Six Wishes {MP+9 Slay+3}
  7297 | D        | Got the ring "Mogik" {rCorr rC++ Str-3 Int+4}
  7299 | D        | Got the ring "Soxom" {rC+ rN+ SInv}
  7462 | D        | Noticed a caustic shrike
  7483 | D        | Killed a caustic shrike
  7516 | D        | Reached skill level 27 in Shields
  7537 | D        | Reached skill level 15 in Throwing
  7943 | D        | Noticed a tentacled monstrosity
  7957 | D        | Killed a tentacled monstrosity
  8012 | D        | Reached XP level 18. HP: 177/200 MP: 24/24
  8265 | D        | Noticed a golden dragon
  8272 | D        | Noticed a tentacled monstrosity
  8277 | D        | Killed a golden dragon
  8291 | D        | Killed a tentacled monstrosity
  8637 | D        | Noticed an Orb Guardian
  8637 | D        | Noticed an Orb Guardian
  8637 | D        | Noticed an Orb Guardian
  8637 | D        | Noticed an Orb Guardian
  8637 | D        | Noticed an Orb Guardian
  8637 | D        | Noticed an Orb Guardian
  8644 | D        | Killed an Orb Guardian
  8646 | D        | Noticed an Orb Guardian
  8648 | D        | Killed an Orb Guardian
  8653 | D        | Killed an Orb Guardian
  8653 | D        | Reached skill level 27 in Throwing
  8659 | D        | Killed an Orb Guardian
  8663 | D        | Killed an Orb Guardian
  8672 | D        | Killed an Orb Guardian
  8678 | D        | Killed an Orb Guardian
  8680 | D        | Noticed an Orb Guardian
  8681 | D        | Noticed an Orb Guardian
  8684 | D        | Killed an Orb Guardian
  8686 | D        | Killed an Orb Guardian
  8695 | D        | Noticed an Orb Guardian
  8695 | D        | Noticed an Orb Guardian
  8698 | D        | Noticed an Orb Guardian
  8702 | D        | Killed an Orb Guardian
  8705 | D        | Noticed an Orb Guardian
  8709 | D        | Killed an Orb Guardian
  8739 | D        | Killed an Orb Guardian
  8745 | D        | Killed an Orb Guardian
  8776 | D        | Noticed an ancient lich
  8786 | D        | Killed an ancient lich
  8789 | D        | Noticed an orb of fire
  8790 | D        | Gained mutation: You are weak. (Str -2) [an orb of fire]
  8796 | D        | Killed an orb of fire
  8796 | D        | Reached skill level 15 in Invocations
  8799 | D        | Noticed an electric golem
  8813 | D        | Killed an electric golem
  8813 | D        | Reached XP level 19. HP: 160/207 MP: 29/29
  8956 | D        | Noticed a golden dragon
  8956 | D        | Noticed an orb of fire
  8956 | D        | Noticed a golden dragon
  8964 | D        | Gained mutation: Scrolls take you a little longer to read. [an orb of fire]
  8965 | D        | Noticed an orb of fire
  8969 | D        | Killed an orb of fire
  8983 | D        | Killed an orb of fire
  8987 | D        | Killed a golden dragon
  8987 | D        | Reached skill level 27 in Axes
  8990 | D        | Noticed an orb of fire
  8995 | D        | Noticed a golden dragon
  8996 | D        | Killed a golden dragon
  8996 | D        | Killed an orb of fire
  9001 | D        | Noticed an ancient lich
  9006 | D        | Killed a golden dragon
  9007 | D        | Paralysed by an ancient lich for 4 turns
  9014 | D        | Killed an ancient lich
  9346 | D        | Reached skill level 27 in Unarmed Combat
  9368 | D        | Reached XP level 20. HP: 216/216 MP: 35/35
 11968 | D        | Noticed an ancient lich
 11974 | D        | Killed an ancient lich
 11977 | D        | Paralysed by a vampire knight for 2 turns
 11985 | D        | Reached skill level 27 in Invocations
 11985 | D        | Reached skill level 1 in Maces & Flails
 11986 | D        | Reached skill level 1 in Stealth
 11986 | D        | Reached skill level 1 in Spellcasting
 11986 | D        | Reached skill level 1 in Evocations
 11993 | D        | Reached skill level 5 in Maces & Flails
 12041 | D        | Reached skill level 5 in Stealth
 12041 | D        | Reached skill level 5 in Evocations
 12069 | D        | Reached skill level 5 in Spellcasting
 12071 | D        | Reached skill level 10 in Maces & Flails
 12103 | D        | Got an elven rune of Zot
 12482 | D        | Reached skill level 10 in Stealth
 12482 | D        | Reached skill level 10 in Evocations
 12503 | D        | Noticed the Royal Jelly
 12522 | D        | Killed the Royal Jelly
 12522 | D        | Reached skill level 15 in Maces & Flails
 12548 | D        | Reached skill level 10 in Spellcasting
 12590 | D        | Got a slimy rune of Zot
 12709 | D        | Paralysed by a sphinx for 4 turns
 12749 | D        | Reached XP level 21. HP: 119/224 MP: 37/37
 12757 | D        | Reached skill level 15 in Stealth
 12757 | D        | Reached skill level 15 in Evocations
 14155 | D        | Noticed a greater mummy
 14155 | D        | Noticed a greater mummy
 14155 | D        | Noticed a greater mummy
 14239 | D        | Killed a greater mummy
 14255 | D        | Killed a greater mummy
 14285 | D        | Killed a greater mummy
 14582 | D        | Noticed a greater mummy
 14613 | D        | Killed a greater mummy
 14959 | D        | Got a golden rune of Zot
 15014 | D        | Got an abyssal rune of Zot
 15438 | D        | Noticed Geryon
 15448 | D        | Killed Geryon
 15840 | D        | Got the Orb of Zot
 16770 | D        | Reached skill level 15 in Spellcasting
 17122 | D        | Killed from afar by a Brimstone Fiend

Skill      XL: |  1  2  3  4  5  6  7  8  9 10 11 12 13 14 15 16 17 18 19 20 21 |
---------------+----------------------------------------------------------------+-----
Fighting       | 4 6 7 8 9 11 12 13 14 15 16 25 27 | 27.0
Axes           | 3 5 7 8 9 10 11 13 14 16 18 24 27 | 27.0
Armour         | 4 6 7 8 9 11 13 14 16 18 27 | 27.0
Shields        | 4 6 7 8 9 11 13 14 16 18 20 27 | 27.0
Invocations    | 1 5 6 8 9 10 15 24 27 | 27.0
Dodging        | 1 6 10 12 13 14 27 | 27.0
Unarmed Combat | 3 7 15 16 17 20 27 | 27.0
Throwing       | 12 22 27 | 27.0
Maces & Flails | 18 24 | 24.2
Stealth        | 14 19 | 19.6
Spellcasting   | 11 15 | 15.8
Evocations     | 14 19 | 19.7

Action                   |  1- 3 |  4- 6 |  7- 9 | 10-12 | 13-15 | 16-18 | 19-21 || total
-------------------------+-------+-------+-------+-------+-------+-------+-------++-------
Melee: War axe           |    12 |    26 |    46 |   215 |   405 |   611 |   436 ||  1751
       Headbutt          |     2 |     8 |    17 |    79 |   185 |   268 |   193 ||   752
Throw: Tomahawk          |       |       |       |     3 |     3 |     3 |       ||     9
       Javelin           |       |       |       |       |       |     6 |    93 ||    99
Invok: Slouch            |       |       |     3 |    10 |    11 |     9 |    41 ||    74
Evoke: Wand              |       |       |     1 |       |       |       |       ||     1
  Use: Potion            |     1 |     1 |     4 |     3 |     2 |       |    10 ||    21
       Scroll            |       |       |       |     1 |       |       |     4 ||     5
 Stab: Sleeping          |       |       |       |       |       |       |     2 ||     2
  Eat: Ration            |       |       |       |     1 |     2 |     2 |     5 ||    10
       Chunk             |       |       |       |       |       |       |     1 ||     1
Armor: Scale mail        |     2 |     3 |    20 |    12 |       |       |       ||    37
       Plate armour      |       |       |       |     5 |    46 |    50 |    54 ||   155
       Chain mail        |       |       |       |    10 |    26 |       |       ||    36
Dodge: Dodged            |     4 |     2 |    10 |    59 |   185 |   234 |   171 ||   665
Block: Shield            |     4 |    11 |    42 |   155 |   415 |   524 |   366 ||  1517
